 Dungeon Crawl Stone Soup version 0.29.1-1-gd02db6906a (webtiles) character file.

Game seed: 14196768342934651118

4 sentinel the Digger (level 1, -1/14 HPs)
             Began as a Meteoran Earth Elementalist on Sept 26, 2022.
             Hit by a stone thrown by a kobold (2 damage)
             ... on level 4 of the Dungeon.
             The game lasted 00:00:29 (118 turns).

sentinel the Digger (Meteoran Earth Elementalist)    Turns: 118, Time: 00:00:29

Health: -1/14      AC:  2    Str:  9    XL:     1   Next: 85%
Magic:  5/5        EV: 12    Int: 16    God:
Gold:   0          SH:  0    Dex: 14    Spells: 4/5 levels left

rFire   . . .      SeeInvis .   (no weapon)
rCold   . . .      Faith    .   (no shield)
rNeg    . . .      Spirit   .   a - +0 robe
rPois   .          Reflect  .   (no helmet)
rElec   .          Harm     .   (no cloak)
rCorr   .          Rampage  .   (no gloves)
Will    .....                   (no boots)
Stlth   +.........              (no amulet)
HPRegen 0.04/turn               (no ring)
MPRegen 0.09/turn               (no ring)

@: glowing
A: sense surroundings 1, otherworldly, glowing, explore regen
a: no special abilities


You were on level 4 of the Dungeon.
You visited 1 branch of the dungeon, and saw 4 of its levels.

Inventory:

Armour
 a - a +0 robe (worn)
Scrolls
 d - a scroll of butterflies {unknown}
 f - a scroll of poison {unknown}
Potions
 b - a potion of magic
 c - a potion of resistance {unknown}
 e - a potion of haste {unknown}


   Skills:
 - Level 2.4 Dodging
 - Level 1.4 Stealth
 - Level 2.6 Spellcasting
 - Level 1.2 Transmutations
 + Level 4.0 Earth Magic


You had 4 spell levels left.
You knew the following spells:

 Your Spells              Type           Power      Damage    Failure   Level
a - Sandblast             Erth           30%        2d9       3%          1

Your spell library contained the following spells:

 Spells                   Type           Power      Damage    Failure   Level
 Passwall                 Tmut/Erth      8%         N/A       10%         2
 Stone Arrow              Conj/Erth      16%        3d8       26%         3
 Petrify                  Tmut/Erth      10%        N/A       54%         4


Dungeon Overview and Level Annotations

Branches:
Dungeon (4/15) Zot: 2279
 Temple: D:4-7

Altars:


Innate Abilities, Weirdness & Mutations

You passively map a small area around you.
You are easily found by Zot.
You glow in the dark.
You regain HP and MP as you explore.


Message History

Welcome, sentinel the Meteoran Earth Elementalist.
They say the Orb of Zot lies within this dungeon, but they say a lot of things.
Press ? for a list of commands and other information.
Found a fuming sapphire potion.
Found a staircase leading out of the dungeon.
c - a fuming sapphire potion A rat comes into view.
The blast of sand hits the rat!
You kill the rat!
You can't see any susceptible monsters within range! (Use Z to cast anyway.)
You can't see any susceptible monsters within range! (Use Z to cast anyway.)
Found a stone staircase leading down.
There is a stone staircase leading down here.
You climb downwards.
Found a scroll labelled RAOLUOPRAFARPH.
There is a stone staircase leading up here.
d - a scroll labelled RAOLUOPRAFARPH As you open the door, it creaks loudly!
There is an open door here.
Found a viscous green potion.
e - a viscous green potion An orc comes into view.
It is wielding a +0 short sword.
Found a stone staircase leading down.
An orc is nearby!
The blast of sand hits the orc.
You kill the orc!
You can't see any susceptible monsters within range! (Use Z to cast anyway.)
A bat comes into view.
Things that are here:
a +0 short sword; an orc corpse The bat barely misses you.
There is a stone staircase leading down here.
The blast of sand hits the bat!
You kill the bat!
You can't see any susceptible monsters within range! (Use Z to cast anyway.)
You can't see any susceptible monsters within range! (Use Z to cast anyway.)
You climb downwards.
Found a scroll labelled SOAFAEGANE.
Found a stone staircase leading down and a stone staircase leading up.
There is a stone staircase leading up here.
A rat comes into view.
You see here a scroll labelled SOAFAEGANE.
f - a scroll labelled SOAFAEGANE You miscast Sandblast.
You are very lightly contaminated with residual magic.
Nothing appears to happen.
The blast of sand hits the rat!
You kill the rat!
Your Earth Magic skill increases to level 4!
Found a scale mail.
Your magical contamination has completely faded away.
There is a stone staircase leading up here.
You climb upwards.
There is a stone staircase leading down here.
Magic restored.
You climb downwards.
There is a stone staircase leading up here.
There is a stone staircase leading down here.
You climb downwards.
Magic restored.
Found 9 stones.
There is a stone staircase leading up here.
An orc, an orc priest and a kobold come into view.
The orc shouts!
The kobold shouts!
The orc priest invokes the aid of Beogh against you.
Beogh smites you!
Ouch! That really hurt!
* * * LOW HITPOINT WARNING * * *
The kobold throws a stone.
The stone hits you.
You die...

,^ #.#.# # #
#.#.#* *.. , *
##.#.# ,#.#
*#####....##..#
*
......#.....#*
*, , *
####....##..# ,
, ##.#.# ,#.# ,
, , * #.#.#*,
.# * *#@#.., ,
, #.o.K...####
,,, * #o#######
* , * , , , * *
, *


You could see an orc priest, an orc and a kobold.

Vanquished Creatures
  An orc (D:2)
  A bat (D:2)
  2 rats
4 creatures vanquished.

Notes
Turn   | Place    | Note
-------+----------+-------------------------------------------
     0 | D:1      | sentinel the Meteoran Earth Elementalist began the quest
                  | for the Orb.
     0 | D:1      | Reached XP level 1. HP: 14/14 MP: 5/5
    86 | D:3      | Reached skill level 4 in Earth Magic
   118 | D:4      | Noticed an orc priest
   118 | D:4      | Hit by a stone thrown by a kobold

Illustrated notes

Levels and vault maps discovered:
D:1:      scummos_arrival_hexagon, layout_loops_ring,
          shapermc_ecumenical_altar_venn, serial_aquarium,
          aquarium_bridge_square [aquarium_subvault_bridge,
          aquarium_subvault_bridge, aquarium_subvault_bridge,
          aquarium_subvault_window], aquarium_bridge_straight
          [aquarium_subvault_bridge, aquarium_subvault_wall,
          aquarium_subvault_bridge, aquarium_subvault_balcony],
          aquarium_window_fake, aquarium_window_fake, aquarium_window_2,
          aquarium_window_fake, aquarium_view_2a
D:2:      layout_basic, uniq_natasha
D:3:      layout_loops_ring
D:4:      layout_loops_ring, nicolae_elyvilon_peaceful_grove,
          minmay_temple_entry_glassed_door, grunt_decor_cap

Skill      XL: |  1 |
---------------+----+-----
Earth Magic    | 4 |  4.0
Dodging        | |  2.4
Stealth        | |  1.4
Spellcasting   | |  2.6
Transmutations | |  1.2

Action                   || total
-------------------------++-------
 Cast: Sandblast         ||     4
Dodge: Dodged            ||     1
